 Dungeon Crawl Stone Soup version 0.20.1-1-g8b1a95d (webtiles) character file.

7185 TepidLee the Basher (level 10, -5/102 HPs)
             Began as a Troll Fighter on Aug 12, 2017.
             Was a Priest of Okawaru.
             Slain by an orc warrior
             ... wielding a +0 broad axe
              (19 damage)
             ... in a bailey.
             The game lasted 00:59:57 (10986 turns).

TepidLee the Basher (Troll Fighter)                Turns: 10986, Time: 00:59:58

Health: -5/102     AC:  6    Str: 28    XL:     10   Next: 87%
Magic:  7/9        EV: 13    Int:  4    God:    Okawaru [***...]
Gold:   534        SH:  0    Dex: 10    Spells: 9/9 levels left

rFire    . . .     SeeInvis .   a - +0 dire flail
rCold    . . .     Gourm    +   (shield currently unavailable)
rNeg     . . .     Faith    .   e - +1 robe {Archmagi}
rPois    .         Spirit   .   (helmet restricted)
rElec    .         Reflect  .   J - scarf {cloud immunity}
rCorr    .         Harm     .   (gloves unavailable)
MR       .....                  (boots unavailable)
Stlth    +++.......             (no amulet)
Regen    0.7/turn               (no ring)
MPRegen  0.2/turn               (no ring)

@: heroism
A: unfitting armour, claws 3, fast metabolism 3, gourmand, regeneration 1,
shaggy fur 1, tough skin 2
a: Heroism, Renounce Religion


You were in a bailey.
You worshipped Okawaru.
Okawaru was most pleased with you.
You were completely stuffed.

You visited 2 branches of the dungeon, and saw 11 of its levels.
You also visited: Bailey.

You collected 534 gold pieces.

Inventory:

Hand Weapons
 a - a +0 dire flail (weapon)
 b - a +0 blowgun
 s - a +0 giant club
Missiles
 F - 16 tomahawks of returning (quivered)
 L - 12 curare-tipped needles
 M - 10 poisoned needles
 N - 5 large rocks
Armour
 c - a +0 shield
 e - a +1 robe of the Archmagi (worn)
 J - a scarf of cloud immunity (worn)
Jewellery
 O - the ring of the Townfolk {Wiz +Blink rF+ rC+, unknown}
   (You found it in a bailey)

   [ring of wizardry]

   It improves your spell success rate.
   It protects you from fire.
   It protects you from cold.
   It lets you blink.
Wands
 v - a wand of paralysis (20/24)
 w - a wand of disintegration (14/24)
 D - a wand of random effects (24/48)
 K - a wand of scattershot (4/9)
Scrolls
 h - 2 scrolls of enchant weapon
 p - a scroll of enchant armour
 q - 3 scrolls of teleportation
 r - 2 scrolls of amnesia
 x - 2 scrolls of remove curse
 y - 2 scrolls of fog
 z - 4 scrolls of recharging
 B - a scroll of random uselessness {unknown}
Potions
 g - 2 potions of might
 i - 3 potions of curing
 j - 2 potions of resistance
 k - 2 potions of mutation
 m - 4 potions of heal wounds
 n - a potion of ambrosia
 o - 2 potions of lignification
 t - 2 potions of haste
 u - 2 potions of flight {unknown}
 A - a potion of berserk rage
 E - a potion of magic {unknown}
 G - a potion of invisibility {unknown}
 H - a potion of brilliance {unknown}
Books
 d - a book of Callings

   Spells                             Type                      Level
   a - Summon Small Mammal            Summoning                    1
   b - Call Imp                       Summoning                    2
   c - Call Canine Familiar           Summoning                    3
   d - Summon Guardian Golem          Hexes/Summoning              3
   e - Summon Lightning Spire         Summoning/Air                4
   f - Summon Ice Beast               Ice/Summoning                4
Comestibles
 f - 8 bread rations
 l - 6 meat rations
 C - 2 chunks of flesh
 I - 2 royal jellies


   Skills:
 + Level 7.2(12.2) Fighting
 * Level 10.1(15.1) Maces & Flails
 + Level 6.6(11.6) Throwing
 + Level 4.4(9.4) Armour
 - Level 2.4(7.4) Dodging
 - Level 4.0(9.0) Shields


You had 9 spell levels left.
You didn't know any spells.

Dungeon Overview and Level Annotations

Branches:
Dungeon (10/15)            Temple (1/1) D:5             Orc (0/2) D:9
   Lair: D:8-11

Altars:
Ashenzari
Cheibriados
Dithmenos
Elyvilon
Fedhas
Gozag
Hepliaklqana
Kikubaaqudgha
Makhleb
Nemelex Xobeh
Okawaru
Qazlal
Ru
Sif Muna
Trog
Uskayaw
Vehumet
Xom
Yredelemnul
Zin
The Shining One


Innate Abilities, Weirdness & Mutations

You are too large for most types of armour.
You have claws for hands.
Your metabolism is lightning-fast.
You like to eat raw meat.
Your natural rate of healing is unusually fast.
You are covered in fur. (AC +1)
You have very tough skin. (AC +2)


Message History

You thump the orc warrior!
The orc warrior is heavily wounded.
You gain the combat prowess of a mighty hero.
The orc warrior hits you with a war axe!
The orc warrior barely misses you. The orc warrior misses you.
You barely miss the orc warrior.
The orc warrior is heavily wounded.
The orc warrior hits you with a war axe!
You barely miss the orc warrior.
The orc warrior is heavily wounded.
The orc warrior misses you.
The orc warrior hits you with a broad axe!
You closely miss the orc warrior.
The orc warrior is heavily wounded.
The orc warrior hits you with a war axe!!
* * * LOW HITPOINT WARNING * * *
The orc warrior hits you with a hand axe!
* * * LOW HITPOINT WARNING * * *
The orc warrior hits you with a broad axe!!
You die...

.............
...........
.........
....... .....
... ###o###
##.o.o.##
#...8@..#
#∩(....∩#
##.....##
####')'####
##≈.......≈##
#≈≈.......≈≈##
+≈≈.......≈≈'.
##≈≈.......≈≈##
.'≈≈.......≈≈(.


You could see 3 orc warriors.

Vanquished Creatures
  2 two-headed ogres
  A merfolk (D:9)
  Grinder (D:5)
  A hippogriff (D:9)
  Sigmund (D:4)
  6 yaks (D:9)
  A hungry ghost (D:6)
  A water moccasin (D:3)
  Duvessa (D:4)
  5 ice beasts
  7 orc warriors
  A sky beast (D:7)
  A black bear (D:6)
  A swamp drake (D:9)
  3 ogres
  3 centaurs
  Blork the orc (D:4)
  A big kobold (D:8)
  3 bullfrogs
  Dowan (D:4)
  2 scorpions
  A jelly (D:9)
  14 wights
  2 howler monkeys (D:10)
  3 crimson imps
  5 orc priests
  2 hounds (D:9)
  A bullfrog skeleton (D:6)
  8 orc wizards
  An iguana (D:6)
  3 worker ants
  A hound skeleton (D:7)
  A howler monkey zombie (D:9)
  9 adders
  2 shadow imps (D:5)
  An adder zombie (D:7)
  3 worms
  A dart slug (D:1)
  7 leopard geckos
  39 orcs
  2 ball pythons
  5 giant cockroaches
  17 goblins
  12 hobgoblins
  11 jackals
  5 quokkas
  9 bats
  7 frilled lizards
  22 kobolds
  A quokka skeleton (D:4)
  5 rats
244 creatures vanquished.

Notes
Turn   | Place    | Note
-------+----------+-------------------------------------------
     0 | D:1      | TepidLee the Troll Fighter began the quest for the Orb.
     0 | D:1      | Reached XP level 1. HP: 22/22 MP: 0/0
    23 | D:1      | Reached skill level 2 in Maces & Flails
    60 | D:1      | Reached XP level 2. HP: 29/29 MP: 1/1
   326 | D:1      | Reached XP level 3. HP: 34/36 MP: 2/2
   694 | D:2      | Found a bloodstained altar of Trog.
   937 | D:2      | Reached XP level 4. HP: 45/45 MP: 3/3
  1225 | D:3      | Reached skill level 3 in Maces & Flails
  1339 | D:3      | Reached XP level 5. HP: 34/53 MP: 4/4
  1764 | D:3      | Noticed a water moccasin
  1805 | D:3      | Killed a water moccasin
  1805 | D:3      | Reached XP level 6. HP: 23/62 MP: 5/5
  2118 | D:4      | Noticed Blork the orc
  2137 | D:4      | Killed Blork the orc
  2137 | D:4      | Reached skill level 4 in Maces & Flails
  2255 | D:4      | Noticed Duvessa
  2260 | D:4      | Noticed Dowan
  2262 | D:4      | Killed Duvessa
  2262 | D:4      | Reached skill level 1 in Throwing
  2262 | D:4      | Reached XP level 7. HP: 48/70 MP: 6/6
  2266 | D:4      | Killed Dowan
  2362 | D:4      | Noticed Sigmund
  2941 | D:4      | Killed Sigmund
  2941 | D:4      | Reached skill level 5 in Maces & Flails
  2978 | D:4      | You fall through a shaft for 2 floors!
  3246 | D:6      | Found a shimmering altar of Xom.
  3285 | D:5      | Entered Level 5 of the Dungeon
  3370 | D:5      | Found a staircase to the Ecumenical Temple.
  3380 | Temple   | Entered the Ecumenical Temple
  3386 | Temple   | Became a worshipper of Warmaster Okawaru
  3543 | D:5      | Noticed Grinder
  3544 | D:5      | Paralysed by Grinder for 5 turns
  3559 | D:5      | Killed Grinder
  3559 | D:5      | Reached skill level 6 in Maces & Flails
  3559 | D:5      | Reached XP level 8. HP: 25/79 MP: 7/7
  3849 | D:5      | Reached skill level 5 in Fighting
  3868 | D:5      | Found a burning altar of Makhleb.
  4488 | D:6      | Reached * piety under Okawaru
  4775 | D:6      | Reached skill level 7 in Maces & Flails
  5238 | D:7      | Reached XP level 9. HP: 76/88 MP: 8/8
  5275 | D:7      | Noticed a two-headed ogre
  5514 | D:5      | Reached skill level 1 in Armour
  6083 | D:7      | HP: 4/89 [wight/halberd of freezing (6)]
  6115 | D:7      | HP: 1/89 [two-headed ogre/giant club (21)]
  6307 | D:7      | Reached ** piety under Okawaru
  6342 | D:7      | Reached skill level 8 in Maces & Flails
  6776 | D:7      | Killed a two-headed ogre
  6776 | D:7      | Reached skill level 5 in Throwing
  8077 | D:8      | Found a hide-covered altar of Uskayaw.
  8115 | D:9      | Reached XP level 10. HP: 79/100 MP: 9/9
  8158 | D:9      | Found a glowing silver altar of Zin.
  8158 | D:9      | Found a hide-covered altar of Uskayaw.
  8158 | D:9      | Found a sacrificial altar of Ru.
  8158 | D:9      | Found a hazy altar of Hepliaklqana.
  8158 | D:9      | Found a stormy altar of Qazlal.
  8158 | D:9      | Found a shattered altar of Ashenzari.
  8158 | D:9      | Found an opulent altar of Gozag.
  8285 | D:9      | Reached skill level 9 in Maces & Flails
  8529 | D:9      | HP: 1/100 [merfolk/spear (24)]
  8740 | D:9      | Noticed a two-headed ogre
  8795 | D:9      | Reached *** piety under Okawaru
  8807 | D:9      | HP: 1/100 [yak (9)]
  9182 | D:9      | Received a gift from Okawaru
  9973 | D:9      | Killed a two-headed ogre
 10176 | D:9      | Received a gift from Okawaru
 10313 | D:9      | Reached skill level 10 in Maces & Flails
 10591 | D:9      | Found a staircase to the Orcish Mines.
 10670 | D:10     | Entered Level 10 of the Dungeon
 10864 | D:10     | Found a flagged portal.
 10882 | Bailey   | Entered a bailey
 10951 | Bailey   | Got a steaming steel ring
 10986 | Bailey   | Slain by an orc warrior

Skill      XL: |  1  2  3  4  5  6  7  8  9 10 |
---------------+-------------------------------+-----
Maces & Flails | 2 3 4 6 7 8 10 | 10.1
Fighting       | 3 4 5 6 7 |  7.2
Shields        | 3 4 |  4.0
Throwing       | 1 2 4 5 6 |  6.6
Armour         | 3 4 |  4.4
Dodging        | |  2.4

Action                   |  1- 3 |  4- 6 |  7- 9 | 10-12 || total
-------------------------+-------+-------+-------+-------++-------
Melee: Flail             |   139 |   125 |       |       ||   264
       Giant club        |       |    16 |   241 |   115 ||   372
       Dire flail        |       |       |   159 |   110 ||   269
 Fire: Blowgun           |       |       |       |     6 ||     6
Throw: Stone             |       |       |     6 |     8 ||    14
       Tomahawk          |       |       |       |    30 ||    30
       Large rock        |       |       |       |     1 ||     1
Invok: Heroism           |       |       |       |     2 ||     2
Evoke: Wand              |       |       |     1 |       ||     1
  Use: Potion            |       |     4 |     2 |     2 ||     8
       Scroll            |       |       |    11 |     7 ||    18
 Stab: Sleeping          |       |     1 |       |       ||     1
       Paralysed         |       |       |     4 |       ||     4
  Eat: Chunk             |    15 |    12 |    43 |    30 ||   100
       Royal jelly       |       |       |     3 |       ||     3
       Meat ration       |       |       |     2 |       ||     2
Armor: Robe              |    48 |    38 |   161 |    36 ||   283
       Skin              |       |       |    11 |       ||    11
Dodge: Dodged            |    40 |    42 |   237 |   108 ||   427
Block: Shield            |    81 |    59 |       |       ||   140
